 Dungeon Crawl Stone Soup version 0.31-a0-1591-g515db51633 (webtiles) character file.

Game seed: 1867017425149782814

2735 CougarLife the Grappler (level 9, -16/93 HPs)
             Began as a Troll Fighter on Jan 7, 2024.
             Demolished by a boulder beetle (24 damage)
             ... on level 7 of the Dungeon.
             The game lasted 00:08:19 (4386 turns).

CougarLife the Grappler (Troll Fighter)             Turns: 4386, Time: 00:08:20

Health: -16/93     AC:  4    Str: 28    XL:     9   Next: 40%
Magic:  8/8        EV:  9    Int:  6    God:
Gold:   92         SH:  7    Dex:  9    Spells: 8/8 levels left

rFire   . .          .
                       - Unarmed
rCold   . . .        b - +0 kite shield
rNeg    . . .        a - +0 robe
rPois   .            (helmet restricted)
rElec   .            (no cloak)
rCorr   .            (gloves unavailable)
SInv    .            (boots unavailable)
Will    +....        C - amulet of magic regeneration
Stlth   +            e - ring of willpower
HPRegen 1.15/turn    z - +4 ring of slaying
MPRegen 0.51/turn

%: no passive effects
@: no status effects
A: large, unfitting armour, claws 3, regeneration 1, shaggy fur 1, tough skin 1
a: no special abilities


You were on level 7 of the Dungeon.
You visited 2 branches of the dungeon, and saw 8 of its levels.

You collected 228 gold pieces.
You spent 136 gold pieces at shops.

Inventory:

Missiles
 w - a throwing net
 y - 2 curare-tipped darts (quivered)
Armour
 a - a +0 robe (worn)
 b - a +0 kite shield (worn)
Jewellery
 e - a ring of willpower (left claw)
 z - a +4 ring of slaying (right claw)
 C - an amulet of magic regeneration (around neck)
Wands
 n - a wand of flame (3)
 A - a wand of quicksilver (5)
Scrolls
 f - a scroll of immolation {unknown}
 j - a scroll of amnesia {unknown}
 k - 3 scrolls of teleportation {unknown}
 m - a scroll of acquirement {unknown}
 o - a scroll of enchant weapon {unknown}
 p - a scroll of silence {unknown}
 s - a scroll of blinking {unknown}
 u - a scroll of noise {unknown}
 v - 2 scrolls of fog {unknown}
 x - 3 scrolls of fear {unknown}
 B - 4 scrolls of identify {unknown}
Potions
 c - 5 potions of might
 d - 4 potions of curing {unknown}
 g - a potion of enlightenment {unknown}
 h - a potion of lignification {unknown}
 i - 3 potions of haste {unknown}
 l - a potion of brilliance {unknown}
 q - a potion of degeneration {unknown}
 r - a potion of mutation {unknown}
 t - a potion of attraction {unknown}


   Skills:
 - Level 7.0 Fighting
 * Level 5.1 Dodging
 - Level 3.0 Shields
 - Level 9.0 Unarmed Combat


You had 8 spell levels left.
You didn't know any spells.
Your spell library contained the following spells:

 Spells                   Type           Power      Damage    Failure   Level
 Static Discharge         Conj/Air       0%         3-3/arc   83%         2
 Airstrike                Air            0%         2d(0-16)  100%        4
 Summon Lightning Spire   Summ/Air       0%         N/A       100%        4


Dungeon Overview and Level Annotations

Branches:
Dungeon (7/15)             Temple (1/1) D:6

Altars:
Cheibriados
Gozag
Hepliaklqana
Makhleb
Ru
Sif Muna
Trog
Uskayaw
Vehumet
Wu Jian
Xom

Shops:
D:3 :?[


Innate Abilities, Weirdness & Mutations

You are too large for most types of armour.
You have claws for hands.
Your natural rate of healing is unusually fast.
You are covered in fur. (AC +1)
You have tough skin. (AC +1)


Message History

You claw the sky beast!
The sky beast is heavily wounded.
A boulder beetle comes into view.
The sky beast barely misses you.
You scratch the sky beast but do no damage.
The sky beast is heavily wounded.
An acid dragon comes into view.
The sky beast flickers out of sight!
Deactivating autopickup; reactivate with Ctrl-A.
Something hits you. Something shocks you.
You barely miss something. The boulder beetle closely misses you.
Something hits you but does no damage.
The boulder beetle attacks as it pursues you!
The boulder beetle bites you!
Throw: 3 darts (curare)
Press: ? - help, Q - select action, (/) - cycle Shift-Dir - straight line, f - boulder beetle
Aim: a boulder beetle (90% to hit)
You throw a curare-tipped dart.
The curare-tipped dart hits the boulder beetle.
The boulder beetle is poisoned.
The boulder beetle struggles to breathe.
The boulder beetle seems to slow down.
The boulder beetle is lightly wounded.
The boulder beetle bites you!
* * * LOW HITPOINT WARNING * * *
You claw the boulder beetle!
The boulder beetle is moderately wounded.
You scratch the boulder beetle but do no damage.
The boulder beetle is moderately wounded.
The boulder beetle misses you.
You scratch the boulder beetle.
The boulder beetle is moderately wounded.
The boulder beetle bites you!!
* * * LOW HITPOINT WARNING * * *
You scratch the boulder beetle.
The boulder beetle is heavily wounded.
You scratch the boulder beetle but do no damage.
The boulder beetle is heavily wounded.
The boulder beetle bites you!!
You die...

.........#.####........#
...#.......#.........###
#.. ..#.##..###.###..#
#..#...#..##.....##..#
#.......##....)).##..
###.#######......##.
#.....#8..####....#.
##.##.#.⌠....###..#.
##@##.8............
##B##...#..###..#.
#.D...##..####....#.
###.#######...)..## .#
#.....).## .# ##.....##
)# ###.### .# ..... .#
#.....#


You could see a boulder beetle (poisoned, slow).

Vanquished Creatures
  An unseen horror (D:7)
  A hornet (D:7)
  Grinder (D:4)
  A wyvern (D:7)
  A water moccasin (D:6)
  An orc warrior (D:7)
  An ice beast (D:7)
  A phantom (D:5)
  2 centaurs (D:7)
  Blork the orc (D:4)
  A gnoll sergeant (D:6)
  3 scorpions
  4 wights
  4 killer bees
  3 howler monkeys
  3 bombardier beetles
  An orc priest (D:6)
  A gnoll bouda (D:4)
  2 jellies
  An iguana (D:4)
  2 orc wizards
  10 gnolls
  7 adders
  A shadow imp (D:7)
  2 white imps
  4 ufetubi
  2 ribbon worms (D:3)
  4 dart slugs
  12 orcs
  7 endoplasms
  4 giant cockroaches
  3 hobgoblins
  10 jackals
  3 quokkas
  9 ball pythons
  3 bats
  A frilled lizard (D:3)
  9 goblins
  10 kobolds
  6 rats
143 creatures vanquished.

Notes
Turn   | Place    | Note
-------+----------+-------------------------------------------
     0 | D:1      | CougarLife the Troll Fighter began the quest for the Orb.
     0 | D:1      | Reached XP level 1. HP: 22/22 MP: 0/0
   211 | D:1      | Reached XP level 2. HP: 29/29 MP: 1/1
   289 | D:1      | Found a faded altar of an unknown god.
  1048 | D:2      | Reached XP level 3. HP: 34/36 MP: 2/2
  1277 | D:2      | You fall into a shaft and drop 2 floors!
  1313 | D:3      | Found Ymeun's Magic Scroll Shoppe.
  1397 | D:3      | Found Gamuzuh's Book Shoppe.
  1400 | D:3      | Reached XP level 4. HP: 45/45 MP: 3/3
  1593 | D:2      | Reached skill level 3 in Unarmed Combat
  1864 | D:3      | Found a bloodstained altar of Trog.
  1905 | D:3      | Found Cemn's Antique Armour Shop.
  2198 | D:4      | Noticed a scorpion
  2206 | D:4      | Killed a scorpion
  2207 | D:4      | Reached skill level 4 in Unarmed Combat
  2207 | D:4      | Reached XP level 5. HP: 48/53 MP: 4/4
  2365 | D:4      | Noticed Blork the orc
  2366 | D:4      | Noticed Grinder
  2398 | D:4      | Killed Blork the orc
  2399 | D:4      | Reached skill level 5 in Unarmed Combat
  2399 | D:4      | Reached XP level 6. HP: 42/61 MP: 5/5
  2530 | D:4      | Reached skill level 6 in Unarmed Combat
  2637 | D:4      | Killed Grinder
  2638 | D:4      | Reached skill level 7 in Unarmed Combat
  2638 | D:4      | Reached XP level 7. HP: 39/67 MP: 6/6
  2857 | D:3      | Bought a pitted robe for 136 gold pieces
  2857 | D:3      | Identified the +4 robe of the Sunfish {rPois rF- rC+++
                  | Archmagi} (You bought it in a shop on level 3 of the
                  | Dungeon)
  2879 | D:5      | Entered Level 5 of the Dungeon
  2956 | D:5      | Found an opulent altar of Gozag.
  3133 | D:5      | Reached skill level 8 in Unarmed Combat
  3447 | D:6      | Reached XP level 8. HP: 25/75 MP: 7/7
  3451 | D:6      | Reached skill level 9 in Unarmed Combat
  3826 | D:6      | Found a staircase to the Ecumenical Temple.
  3834 | Temple   | Entered the Ecumenical Temple
  4066 | D:6      | Reached skill level 5 in Fighting
  4156 | D:7      | Noticed a hornet
  4163 | D:7      | Killed a hornet
  4226 | D:7      | Reached XP level 9. HP: 69/92 MP: 8/8
  4376 | D:7      | Killed an unseen horror
  4377 | D:7      | Reached skill level 5 in Dodging
  4377 | D:7      | Noticed a boulder beetle
  4386 | D:7      | Demolished by a boulder beetle

Illustrated notes

Levels and vault maps discovered:
D:1:      erik_arrival_cave_to_civilisation [erik_arrival_cave_to_hall],
          layout_basic, shapermc_ecumenical_altar_totnotflames, chequers_jeans
D:2:      layout_basic
D:3:      layout_basic, trog_hazing_becter, serial_shops, shop, shop,
          nicolae_shop_pleasant_corner_grove, nicolae_shop_hallway_plus,
          uniq_ijyb
D:4:      layout_cave_pools, uniq_grinder, uniq_blork_the_orc
D:5:      layout_rooms, mainiacjoe_overflow_six_doors_small
D:6:      layout_basic, temple_green
D:7:      minmay_the_grid_octo_tiled_octocenter [minmay_the_grid_octo_chip,
          minmay_the_grid_octo_vomiting_pacman, minmay_the_grid_octo_toaster,
          minmay_the_grid_octo_clover, minmay_the_grid_octo_prize_star,
          minmay_the_grid_square_5x5_one_wall, minmay_the_grid_square_5x5_z,
          minmay_the_grid_square_5x5_minivault,
          minmay_the_grid_square_5x5_sharp_hourglass], layout_basic,
          ashenzari_conservatory_becter, uniq_jeremiah
Temple:   jpeg_temple_island

Skill      XL: |  1  2  3  4  5  6  7  8  9 |
---------------+----------------------------+-----
Dodging        | 3 5 |  5.1
Shields        | 3 |  3.0
Fighting       | 3 6 7 |  7.0
Unarmed Combat | 4 5 7 8 9 |  9.0

Action                     |  1- 3 |  4- 6 |  7- 9 || total
---------------------------+-------+-------+-------++-------
  Melee: Unarmed           |   100 |    95 |   150 ||   345
  Throw: Throwing net      |       |     2 |       ||     2
         Dart              |       |       |     4 ||     4
  Evoke: Wand              |       |       |    15 ||    15
   Stab: Sleeping          |       |     1 |       ||     1
         Held in net/web   |       |     1 |       ||     1
 Armour: Robe              |    46 |    55 |   111 ||   212
  Dodge: Dodged            |    36 |    38 |    65 ||   139
  Block: Kite shield       |    43 |    34 |    63 ||   140

Table legend: (Time is in decaauts)
 A = Elapsed time spent in this place.
 B = Non-inter-level travel time spent in this place.
 C = Inter-level travel time spent in this place.
 D = Time resting spent in this place.
 E = Time spent auto-exploring this place.
 F = Levels seen in this place.
 G = Mean time per level.
                   A        B        C        D        E       F      G
               +--------+--------+--------+--------+--------+-----+--------+
         Total |   4394 |   4216 |    178 |    320 |   2929 |   8 |  549.2 |
       Dungeon |   4392 |   4214 |    178 |    320 |   2929 |   7 |  627.4 |
        Temple |      1 |      1 |      0 |      0 |      0 |   1 |    1.0 |
               +--------+--------+--------+--------+--------+-----+--------+

Top non-repeatable levels by time:
     D:1: 964 daAuts
     D:6: 751 daAuts
     D:2: 709 daAuts
     D:4: 643 daAuts
     D:3: 576 daAuts
     D:5: 466 daAuts
     D:7: 281 daAuts
  Temple: 1 daAuts
